 Dungeon Crawl Stone Soup version 0.20-b1-18-gaa2fd62 (webtiles) character file.

324 mike2R the Conjurer (level 6, -10/45 HPs)
             Began as a Draconian Conjurer on May 24, 2017.
             Mangled by an ogre
             ... wielding a +0 giant spiked club
              (30 damage)
             ... on level 3 of the Dungeon.
             The game lasted 00:27:21 (4040 turns).

mike2R the Conjurer (Draconian Conjurer)            Turns: 4040, Time: 00:27:21

Health: -10/45     AC:  9    Str: 10    XL:     6   Next: 23%
Magic:  0/12       EV: 12    Int: 17    God:
Gold:   128        SH:  0    Dex: 14    Spells: 4/14 levels left

rFire    . . .     SeeInvis .   n - +2 whip (venom)
rCold    . . .     Gourm    .   (no shield)
rNeg     . . .     Faith    .   (armour unavailable)
rPois    .         Spirit   .   (helmet restricted)
rElec    .         Reflect  .   (no cloak)
rCorr    .         Harm     .   t - +2 pair of gloves
MR       .....                  (no boots)
Stlth    +++.......             (no amulet)
Regen    0.2/turn               i - ring of flight
MPRegen  0.2/turn               q - +4 ring of dexterity

@: very slightly contaminated
A: unfitting armour, camouflage 1, clumsy 1, cold-blooded, AC +6
a: Evoke Flight


You were on level 3 of the Dungeon.
You were not hungry.

You visited 1 branch of the dungeon, and saw 4 of its levels.

You collected 128 gold pieces.

Inventory:

Hand Weapons
 g - a +1 mace of holy wrath
 n - a +2 whip of venom (weapon)
 u - a +0 dagger of draining
Missiles
 d - 47 stones (quivered)
Armour
 l - a +0 buckler
 t - a +2 pair of gloves (worn)
Jewellery
 i - a ring of flight (left hand)
 q - a +4 ring of dexterity (right hand)
Scrolls
 j - a scroll of teleportation {unknown}
 m - a scroll of fog {unknown}
 o - 2 scrolls of remove curse {unknown}
 s - a scroll of blinking {unknown}
 v - 3 scrolls of immolation {unknown}
Potions
 e - a potion of lignification
 h - a potion of haste
 k - a potion of might
 p - a potion of mutation
 w - a potion of flight {unknown}
 x - a potion of resistance {unknown}
 z - a potion of heal wounds {unknown}
Books
 a - a book of Conjurations

   Spells                             Type                      Level
   a - Magic Dart                     Conjuration                  1
   b - Searing Ray                    Conjuration                  2
   c - Dazzling Spray                 Conjuration/Hexes            3
   d - Fulminant Prism                Conjuration/Hexes            4
   e - Force Lance                    Conjuration/Translocation    4
   f - Iskenderun's Mystic Blast      Conjuration                  4
Comestibles
 b - 4 bread rations
 c - 3 chunks of flesh
 f - 3 fruits


   Skills:
 - Level 1.7 Dodging
 - Level 1.7 Stealth
 + Level 4.5 Spellcasting
 + Level 6.0 Conjurations


You had 4 spell levels left.
You knew the following spells:

 Your Spells              Type           Power        Failure   Level  Hunger
a - Magic Dart            Conj           ###.         1%          1    None
b - Searing Ray           Conj           ###...       1%          2    ##.....
c - Dazzling Spray        Conj/Hex       ##....       13%         3    ###....
d - Iskenderun's Mystic   Conj           ###.....     12%         4    ####...


Dungeon Overview and Level Annotations

Branches:
Dungeon (4/15)
 Temple: D:4-7

Altars:
Elyvilon
Zin


Innate Abilities, Weirdness & Mutations

Your plain brown scales are hard. (AC +6)
You cannot fit into any form of body armour.
You are cold-blooded and may be slowed by cold attacks.
Your skin changes colour to match your surroundings (Stealth+).
You are clumsy. (Dex -2)


Message History

Press: ? - help, Shift-Dir - straight line, f/p - hound
Aim: a hound (almost dead)
You miscast Iskenderun's Mystic Blast.
You are very lightly contaminated with residual magic.
Your skin glows momentarily.
The hound bites you.
Casting: Iskenderun's Mystic Blast
Confirm with . or Enter, or press ? or * to list all spells.
Aiming: Searing Ray
Press: ? - help, Shift-Dir - straight line, f/p - hound
Aim: a hound (almost dead)
The searing ray hits the hound.
You kill the hound!
Your Conjurations skill increases to level 6! (Press . to maintain the ray.)
The searing ray misses the ogre.
The ogre misses you.
The searing ray misses the ogre.
Without enough magic to sustain it, your searing ray dissipates.
The ogre hits you with a giant spiked club!!
Ouch! That really hurt!
You die...

######## #.@O...##########
#.###...........## #.#
#..#######...## #.#
#..######....(# #.#
#..##.......... ##########.#
#..##.###.....#
#.......)..###..##.####...##
#.#######...)>......###.....
#.# #(####.............#


You could see an ogre.

Vanquished Creatures
  2 hounds
  An iguana (D:3)
  3 orc wizards (D:3)
  Natasha (D:3)
  A gnoll (D:1)
  3 adders
  3 worms (D:3)
  4 dart slugs
  A leopard gecko (D:2)
  7 orcs
  3 ball pythons
  3 bats
  2 giant cockroaches (D:1)
  14 goblins
  11 hobgoblins
  2 jackals (D:2)
  9 frilled lizards
  7 kobolds
  6 rats
83 creatures vanquished.

Notes
Turn   | Place    | Note
-------+----------+-------------------------------------------
     0 | D:1      | mike2R the Draconian Conjurer began the quest for the Orb.
     0 | D:1      | Reached XP level 1. HP: 14/14 MP: 3/3
   548 | D:1      | Reached XP level 2. HP: 8/20 MP: 0/5
   820 | D:1      | Learned a level 2 spell: Searing Ray
   834 | D:1      | Reached skill level 5 in Conjurations
   834 | D:1      | Reached XP level 3. HP: 20/26 MP: 0/6
   839 | D:1      | Learned a level 3 spell: Dazzling Spray
  1820 | D:2      | Reached XP level 4. HP: 33/33 MP: 1/7
  1892 | D:2      | Found a white marble altar of Elyvilon.
  2421 | D:3      | Gained mutation: You are clumsy. (Dex -2) [potion of mutation]
  2421 | D:3      | Gained mutation: Your skin changes colour to match your surroundings (Stealth+). [potion of mutation]
  2822 | D:3      | Reached XP level 5. HP: 38/38 MP: 6/10
  3220 | D:3      | Found a glowing silver altar of Zin.
  3268 | D:3      | Noticed Natasha
  3276 | D:3      | Killed Natasha
  3529 | D:3      | Learned a level 4 spell: Iskenderun's Mystic Blast
  3935 | D:3      | Reached XP level 6. HP: 45/45 MP: 12/12
  4037 | D:3      | Reached skill level 6 in Conjurations
  4040 | D:3      | Mangled by an ogre

Skill      XL: |  1  2  3  4  5  6 |
---------------+-------------------+-----
Conjurations   | 5 6 |  6.0
Spellcasting   | 3 4 |  4.5
Dodging        | |  1.7
Stealth        | |  1.7

Action                   |  1- 3 |  4- 6 || total
-------------------------+-------+-------++-------
Melee: Mace              |    17 |    28 ||    45
       Tailslap          |     2 |     2 ||     4
       Whip              |       |    38 ||    38
 Cast: Magic Dart        |    53 |    38 ||    91
       Searing Ray       |     2 |    12 ||    14
       Dazzling Spray    |     1 |     2 ||     3
       Iskenderun's Myst |       |     2 ||     2
  Use: Potion            |     1 |     3 ||     4
       Scroll            |       |     4 ||     4
 Stab: Sleeping          |     2 |     1 ||     3
  Eat: Chunk             |     4 |     8 ||    12
Armor: Skin              |     4 |    23 ||    27
Dodge: Dodged            |    14 |    48 ||    62
